 Dungeon Crawl Stone Soup version 0.31-a0-164-g2312942fda (webtiles) character file.

Game seed: 5031450546908334112

214 qw the Chopper (level 5, -1/32 HPs)
             Began as a Gargoyle Fighter on June 13, 2023.
             Splashed by a jelly's acid (6 damage)
             ... on level 4 of the Dungeon.
             The game lasted 00:00:27 (1086 turns).

qw the Chopper (Gargoyle Fighter)                   Turns: 1086, Time: 00:00:28

Health: -1/32      AC: -9    Str: 21    XL:     5   Next: 91%
Magic:  5/5        EV:  9    Int:  9    God:
Gold:   47         SH:  4    Dex:  9    Spells: 4/4 levels left

rFire   + . .        Y - +0 war axe
rCold   . . .        c - +0 buckler
rNeg    + . .        b - +0 scale mail
rPois   inf          (no helmet)
rElec   +            (no cloak)
rCorr   .            (no gloves)
SInv    .            (no boots)
Will    .....        (no amulet) Stlth
                     f - ring of protection from fire
HPRegen 0.25/turn    (no ring)
MPRegen 0.09/turn

%: no passive effects
@: corroded
A: sickness immunity, AC +4, negative energy resistance 1, electricity
resistance, torment resistance 1, petrification resistance
a: no special abilities


You were on level 4 of the Dungeon.
You visited 1 branch of the dungeon, and saw 3 of its levels.

You collected 47 gold pieces.


Innate Abilities, Weirdness & Mutations

You are immune to sickness and miasma.
Your stone body is resilient. (AC +4)
You are immune to poison.
You resist negative energy. (rN+)
You are resistant to electric shocks. (rElec)
You are resistant to unholy torment.
You are immune to petrification.


   Skills:
 - Level 3.2 Fighting
 + Level 4.7 Axes
 - Level 2.3 Throwing
 - Level 3.2 Armour
 - Level 3.2 Shields


You had 4 spell levels left.
You didn't know any spells.
Your spell library was empty.

Inventory:

Hand Weapons
 m - a +0 mace
 Y - a +0 war axe (weapon)
Missiles
 j - 4 javelins (quivered)
Armour
 b - a +0 scale mail (worn)
 c - a +0 buckler (worn)
Jewellery
 f - a ring of protection from fire (left hand)
Scrolls
 a - a scroll of immolation {unknown}
 g - a scroll of fog {unknown}
 k - 2 scrolls of identify
 l - 2 scrolls of enchant armour {unknown}
 n - a scroll of noise {unknown}
Potions
 d - a potion of might
 e - a potion of berserk rage {unknown}
 h - a potion of heal wounds
 i - a potion of curing {unknown}

Dungeon Overview and Level Annotations

Branches:
Dungeon (2/15)

Altars:

Shops:
D:1 (


Message History

The centaur completely misses you.
The centaur kicks you but does no damage.
The kobold hits you but does no damage. The jelly hits you but does no damage.
You hit the centaur.
You kill the centaur!
You closely miss the kobold. You barely miss the jelly.
You block the jelly's attack. The kobold hits you but does no damage.
Your Axes skill increases to level 4!
You hit the jelly but do no damage. The acid corrodes you!
Your hands burn!
The jelly is heavily wounded.
You hit the endoplasm.
You kill the endoplasm!
You hit the kobold.
The kobold hits you with a +0 short sword.
The jelly hits you but does no damage.
You hit the jelly but do no damage.
Your hands burn!
The jelly is heavily wounded.
You hit the kobold. The jelly hits you but does no damage.
The kobold hits you with a +0 short sword.
The kobold closely misses you. The jelly misses you.
1082 ||| DRINKING 2 potions of heal wounds.
You feel much better. The jelly barely misses you.
The kobold hits you with a +0 short sword.
You hit the kobold.
You kill the kobold!
You hit the jelly. The acid corrodes you!
Your hands burn!
The jelly hits you. The acid corrodes you!
You are splashed with acid.
You hit the jelly but do no damage.
Your hands burn!
The jelly is severely wounded.
You hear the slow rusting of a distant drain.
The jelly completely misses you.
You barely miss the jelly.
The jelly is severely wounded.
The jelly barely misses you.
You hit the jelly but do no damage. The acid corrodes you!
Your hands burn!
The jelly is severely wounded.
The jelly hits you.
You are splashed with acid.
You die...

+##'##)##'##'....
...
#.%#.....#..#....
..
###..#+###+#..#'###
..#.#..# #..#.#
.#.+..+ +..+.# .
..#..# #..#..
...###.#..# #..###
......)#..# #..#
......)@##+ +##+
......J#.....#
....... .....#
....... ##+##+
....... .......
....... .......


You could see a jelly.

Vanquished Creatures
  A centaur (D:4)
  A scorpion (D:4)
  A hound (D:4)
  2 adders (D:2)
  A worm (D:1)
  A dart slug (D:1)
  An endoplasm (D:4)
  3 giant cockroaches
  A goblin (D:2)
  A hobgoblin (D:2)
  A quokka (D:1)
  A bat (D:2)
  A frilled lizard (D:2)
  5 kobolds
  2 rats
23 creatures vanquished.

Notes
Turn   | Place    | Note
-------+----------+-------------------------------------------
     0 | D:1      | qw the Gargoyle Fighter began the quest for the Orb.
     0 | D:1      | Reached XP level 1. HP: 14/14 MP: 1/1
     0 | D:1      | 0 ||| qw: Version: 0.2-a-29-gc1b59c4
     0 | D:1      | 0 ||| qw: Game counter: 4468
     0 | D:1      | 0 ||| qw: Always use a shield: true
     0 | D:1      | 0 ||| qw: God list: Okawaru
     0 | D:1      | 0 ||| qw: Allow faded altars: false
     0 | D:1      | 0 ||| qw: Do Orc after D:15 true
     0 | D:1      | 0 ||| qw: Do second Lair branch before Depths: true
     0 | D:1      | 0 ||| qw: Lair rune preference: random
     0 | D:1      | 0 ||| qw: Plans: Normal, Zot:1-4, Slime:5, God:TSO, Crypt,
                  | Tomb, Abyss, Pan, Hells, Win
     0 | D:1      | 0 ||| PLANNING D:1-11
    68 | D:1      | Found Pucos's Weapon Shop.
    78 | D:1      | 78 ||| SHOPLISTING +0 club (10 gold, have 5).
    78 | D:1      | 78 ||| SHOPLISTING +0 whip (25 gold, have 5).
   100 | D:1      | Reached skill level 2 in Axes
   357 | D:1      | Reached XP level 2. HP: 19/19 MP: 2/2
   546 | D:1      | 546 ||| UPGRADING to ring of protection from fire.
   547 | D:1      | 547 ||| READING scroll labelled RIS GENOAM MOALA.
   548 | D:1      | 548 ||| READING scroll labelled ZOOMNOIPPA.
   561 | D:1      | 561 ||| READING 2 scrolls labelled DOLEBB UTIETO.
   562 | D:1      | 562 ||| READING scroll labelled XYEGUY GAJE.
   567 | D:1      | 567 ||| DRINKING 2 fuming puce potions.
   588 | D:2      | 588 ||| STAIRDANCE
   669 | D:2      | Reached skill level 3 in Axes
   731 | D:2      | Reached XP level 3. HP: 23/23 MP: 3/3
   818 | D:2      | 818 ||| Stepping ~*~*~tactically~*~*~ (stealth).
   819 | D:2      | 819 ||| Stepping ~*~*~tactically~*~*~ (stealth).
   820 | D:2      | 820 ||| Stepping ~*~*~tactically~*~*~ (stealth).
   943 | D:2      | You fall into a shaft and drop 2 floors!
   947 | D:4      | 947 ||| PLANNING SEWER
   967 | D:4      | Noticed a scorpion
   974 | D:4      | Killed a scorpion
   975 | D:4      | Reached XP level 4. HP: 21/28 MP: 4/4
  1018 | D:4      | Reached XP level 5. HP: 21/32 MP: 5/5
  1070 | D:4      | Noticed a centaur
  1079 | D:4      | Killed a centaur
  1080 | D:4      | Reached skill level 4 in Axes
  1081 | D:4      | HP: 4/32 [acid (5)]
  1082 | D:4      | 1082 ||| DRINKING 2 potions of heal wounds.
  1086 | D:4      | HP: 7/32 [acid (5)]
  1086 | D:4      | Splashed by a jelly's acid

Levels and vault maps discovered:
D:1:      minmay_arrival_up_and_down, layout_loops_ring, serial_glass,
          glass_columns_a, glass_columns_a, serial_shops, shop,
          hangedman_decor_points
D:2:      layout_loops_ring, grunt_decor_arrowhead
D:4:      minmay_polygon_palace, layout_basic, mainiacjoe_overflow_24_doors,
          cheibrodos_sewer_entry_drain, nicolae_elemental_shop

Skill      XL: |  1  2  3  4  5 |
---------------+----------------+-----
Axes           | 2 3 4 |  4.7
Throwing       | 2 |  2.3
Fighting       | |  3.2
Armour         | |  3.2
Shields        | |  3.2

Action                     |  1- 3 |  4- 6 || total
---------------------------+-------+-------++-------
  Melee: War axe           |    61 |    22 ||    83
  Throw: Javelin           |       |     3 ||     3
    Use: Scroll            |     4 |       ||     4
         Potion            |     1 |     1 ||     2
 Armour: Scale mail        |    24 |    30 ||    54
  Dodge: Dodged            |    30 |    24 ||    54
  Block: Buckler           |     6 |     6 ||    12

Table legend:
 A = Non-vault XP
 B = Vault XP
 C = Vault XP percentage of total XP
 D = Non-vault monster count
 E = Vault monster count
 F = Vault count percentage of total count
                 A         B        C        D         E       F
            +---------+---------+-------+---------+---------+-------
      Total |     306 |       0 |   0.0 |      23 |       0 |   0.0
            +---------+---------+-------+---------+---------+-------
        D:1 |      17 |       0 |   0.0 |       7 |       0 |   0.0
        D:2 |      36 |       0 |   0.0 |       9 |       0 |   0.0
        D:4 |     253 |       0 |   0.0 |       7 |       0 |   0.0
            +---------+---------+-------+---------+---------+-------
